 Dungeon Crawl Stone Soup version 0.20.1-1-g8b1a95d (webtiles) character file.

32 dohliylev the Sneak (level 3, 0/25 HPs)
             Began as a Vampire Enchanter on July 15, 2017.
             Slain by a gnoll
             ... wielding a +0 spear
              (9 damage)
             ... on level 2 of the Dungeon.
             The game lasted 00:03:33 (1683 turns).

dohliylev the Sneak (Vampire Enchanter)             Turns: 1683, Time: 00:03:34

Health: 0/25       AC:  2    Str:  7    XL:     3   Next: 10%
Magic:  0/6        EV: 12    Int: 18    God:
Gold:   10         SH:  0    Dex: 14    Spells: 3/6 levels left

rFire    . . .     SeeInvis +   a - +1 dagger
rCold    . . .     Gourm    .   (no shield)
rNeg     + . .     Faith    .   b - +0 robe
rPois    .         Spirit   .   (no helmet)
rElec    .         Reflect  .   (no cloak)
rCorr    .         Harm     .   (no gloves)
MR       .....                  (no boots)
Stlth    +++.......             (no amulet)
Regen    0.1/turn               (no ring)
MPRegen  0.1/turn               (no ring)

@: no status effects
A: fangs 3, see invisible, unbreathing
a: Bat Form


You were on level 2 of the Dungeon.
You were not thirsty.

You visited 1 branch of the dungeon, and saw 2 of its levels.

You collected 10 gold pieces.

Inventory:

Hand Weapons
 a - a +1 dagger (weapon)
Armour
 b - a +0 robe (worn)
Scrolls
 e - a scroll of enchant weapon {unknown}
 f - 2 scrolls of recharging {unknown}
Potions
 d - 5 potions of blood
 g - a potion of magic {unknown}
 h - 2 potions of berserk rage {unknown}
 i - 2 potions of lignification {unknown}
Books
 c - a book of Maledictions

   Spells                             Type                      Level
   a - Corona                         Hexes                        1
   b - Ensorcelled Hibernation        Hexes/Ice                    2
   c - Confuse                        Hexes                        3
   d - Tukima's Dance                 Hexes                        3
   e - Dazzling Spray                 Conjuration/Hexes            3


   Skills:
 + Level 0.5 Fighting
 - Level 1.1 Short Blades
 - Level 2.1 Dodging
 + Level 6.1 Stealth
 - Level 2.0 Spellcasting
 - Level 4.4 Hexes
 + Level 0.6 Ice Magic


You had 3 spell levels left.
You knew the following spells:

 Your Spells              Type           Power        Failure   Level  Hunger
a - Corona                Hex            ###....      3%          1    #......
b - Ensorcelled Hibernat  Hex/Ice        ##....       10%         2    ###....


Dungeon Overview and Level Annotations

Branches:
Dungeon (2/15)

Altars:
Ashenzari


Innate Abilities, Weirdness & Mutations

You have razor-sharp teeth.
You have supernaturally acute eyesight. (SInv)
You can survive without breathing.


Message History

You hear a shout! x4
There is a stone staircase leading up here.
The helpless goblin fails to defend itself.
You impale the goblin!!
You kill the goblin!
You hit the gnoll.
The gnoll is lightly wounded.
The gnoll hits you from afar with a spear.
The gnoll hits you with a club.
You hit the gnoll.
The gnoll is moderately wounded.
The gnoll misses you. The gnoll hits you with a club.
You hit the gnoll.
The gnoll is heavily wounded.
The gnoll hits you but does no damage.
You hit the gnoll but do no damage.
The gnoll is heavily wounded.
The gnoll hits you but does no damage.
The gnoll hits you from afar with a spear!
You die...

#.#......g........
#.#...#######.##.#
#.......#####.#
###.............#
#.#.......#######
#..#.g.########
##.g...<.......
#.g#.......####
#.#@#.......# #
#.#8.....8#
#.#.......#
#.#8.....8#
#.#.......#
#.#8g.(.g8# #.#
#.# #.#


You could see 2 gnolls.

Vanquished Creatures
  A gnoll (D:2)
  A dart slug (D:1)
  A leopard gecko (D:1)
  4 goblins
  2 hobgoblins (D:1)
  4 bats (D:1)
  A frilled lizard (D:1)
  5 kobolds
  A rat (D:1)
20 creatures vanquished.

Notes
Turn   | Place    | Note
-------+----------+-------------------------------------------
     0 | D:1      | dohliylev the Vampire Enchanter began the quest for the Orb.
     0 | D:1      | Reached XP level 1. HP: 13/13 MP: 3/3
   452 | D:1      | Reached skill level 5 in Stealth
   585 | D:1      | Found a shattered altar of Ashenzari.
   624 | D:1      | Reached XP level 2. HP: 11/19 MP: 3/5
   629 | D:1      | Learned a level 2 spell: Ensorcelled Hibernation
  1403 | D:2      | Reached skill level 6 in Stealth
  1673 | D:2      | Reached XP level 3. HP: 25/25 MP: 1/6
  1683 | D:2      | Slain by a gnoll

Skill      XL: |  1  2 |
---------------+-------+-----
Stealth        | 5 6 |  6.1
Fighting       | |  0.5
Short Blades   | |  1.1
Dodging        | |  2.1
Spellcasting   | |  2.0
Hexes          | |  4.4
Ice Magic      | |  0.6

Action                   || total
-------------------------++-------
Melee: Dagger            ||    70
       Bite              ||     7
 Cast: Corona            ||     3
       Ensorcelled Hiber ||     9
  Use: Potion            ||     2
 Stab: Sleeping          ||     7
  Eat: Corpse            ||     1
Armor: Robe              ||    13
Dodge: Dodged            ||    48
